 Dungeon Crawl Stone Soup version 0.29.1-12-g30fa7ad0bf (webtiles) character file.

Game seed: 12180915852201367211

227 Coaxmetal the Digger (level 6, -7/37 HPs)
             Began as a Gargoyle Earth Elementalist on Dec 16, 2022.
             Mangled by an ogre
             ... wielding a +0 giant club
              (19 damage)
             ... on level 4 of the Dungeon.
             The game lasted 00:07:33 (3067 turns).

Coaxmetal the Digger (Gargoyle Earth Elementalist)  Turns: 3067, Time: 00:07:34

Health: -7/37      AC:  9    Str: 12    XL:     6   Next: 2%
Magic:  7/9        EV: 11    Int: 17    God:
Gold:   280        SH:  3    Dex: 10    Spells: 5/9 levels left

rFire   . . .      SeeInvis +   m - +11 whip of the Puffin {venom, Stlth+}
rCold   + . .      Faith    .   y - +0 buckler
rNeg    + . .      Spirit   .   l - +0 leather armour
rPois   ∞          Reflect  .   (no helmet)
rElec   +          Harm     .   (no cloak)
rCorr   .          Rampage  .   s - +0 pair of gloves
Will    .....                   v - +0 pair of boots
Stlth   +++.......              (no amulet)
HPRegen 0.12/turn               c - ring of see invisible
MPRegen 0.11/turn               f - ring of protection from cold

@: no status effects
A: sickness immunity, AC +4, negative energy resistance 1, electricity
resistance, torment resistance 1, petrification resistance
a: no special abilities


You were on level 4 of the Dungeon.
You visited 1 branch of the dungeon, and saw 4 of its levels.

You collected 280 gold pieces.

Inventory:

Hand Weapons
 m - the +11 whip of the Puffin (weapon) {venom, Stlth+}
   (You found it on level 2 of the Dungeon)

   It poisons the flesh of those it strikes.
   Stlth:     It makes you more stealthy.
Missiles
 e - 6 boomerangs (quivered)
 z - a throwing net
Armour
 a - a +0 robe
 l - a +0 leather armour (worn)
 s - a +0 pair of gloves (worn)
 v - a +0 pair of boots (worn)
 y - a +0 buckler (worn)
Jewellery
 c - a ring of see invisible (left hand)
 f - a ring of protection from cold (right hand)
Wands
 n - a wand of mindburst (7)
Scrolls
 h - 3 scrolls of teleportation {unknown}
 j - 3 scrolls of fear {unknown}
 o - a scroll of acquirement {unknown}
 p - 2 scrolls of immolation {unknown}
 q - 4 scrolls of identify {unknown}
 u - a scroll of noise {unknown}
 w - a scroll of vulnerability {unknown}
 x - a scroll of enchant weapon {unknown}
Potions
 b - a potion of magic
 d - 3 potions of heal wounds {unknown}
 g - 2 potions of mutation {unknown}
 i - 2 potions of curing {unknown}
 k - a potion of resistance {unknown}
 r - a potion of haste {unknown}
 t - a potion of lignification {unknown}


   Skills:
 - Level 3.0 Fighting
 - Level 1.5 Dodging
 - Level 2.1 Stealth
 * Level 0.1 Shields
 - Level 2.0 Spellcasting
 + Level 2.7 Conjurations
 - Level 0.7 Transmutations
 + Level 2.0 Air Magic
 - Level 3.6 Earth Magic
 + Level 2.5 Poison Magic


You had 5 spell levels left.
You knew the following spells:

 Your Spells              Type           Power      Damage    Failure   Level
a - Sandblast             Erth           28%        2d8       8%          1
b - Mephitic Cloud        Conj/Pois/Air  10%        N/A       36%         3

Your spell library contained the following spells:

 Spells                   Type           Power      Damage    Failure   Level
 Magic Dart               Conj           40%        1d5       12%         1
 Shock                    Conj/Air       36%        1d5       13%         1
 Searing Ray              Conj           20%        2d5       17%         2
 Passwall                 Tmut/Erth      7%         N/A       22%         2
 Stone Arrow              Conj/Erth      24%        3d8       28%         3
 Swiftness                Air            8%         N/A       41%         3
 Call Imp                 Summ           1%         N/A       45%         2
 Ignite Poison            Fire/Tmut/Pois 5%         N/A       54%         3
 Petrify                  Tmut/Erth      9%         N/A       80%         4
 Airstrike                Air            4%         2d(1-17)  83%         4
 Fulminant Prism          Conj/Hex       3%         3d6       89%         4
 Freezing Cloud           Conj/Ice/Air   3%         6-21      99%         5


Dungeon Overview and Level Annotations

Branches:
Dungeon (4/15)
 Temple: D:4-7

Altars:
Kikubaaqudgha

Shops:
D:1 [

Annotations:
D:3 3 runed translucent doors, Barneous's ghost, weakling OpVM
D:4 Eustachio


Innate Abilities, Weirdness & Mutations

You are immune to sickness and miasma.
Your stone body is resilient. (AC +4)
You are immune to poison.
You resist negative energy. (rN+)
You are resistant to electric shocks. (rElec)
You are resistant to unholy torment.
You are immune to petrification.


Message History

The ball python hisses angrily.
The ball python attacks as you move away!
The ball python bites you but does no damage.
The ball python barely misses you. You block the ball python's attack.
The ball python attacks as you move away!
The ball python bites you but does no damage.
The ball python barely misses you.
The ball python attacks as you move away!
The ball python bites you but does no damage.
The ball python attacks as you move away!
The ball python barely misses you. The ball python misses you.
There is a stone staircase leading up here.
You closely miss the ball python. The ball python barely misses you. x2
You block the ball python's attack. The ball python grabs you.
The ball python constricts you.
You closely miss the ball python.
The ball python bites you but does no damage.
The ball python constricts you.
Casting: Sandblast (safe; 8% risk of failure)
Confirm with . or Enter, or press ? or * to list all spells.
Aiming: Sandblast (safe; 8% risk of failure)
Press: ? - help, Shift-Dir - straight line, f - ball python
Aim: a ball python (constricting you, 80% to hit)
The blast of sand hits the ball python!
You kill the ball python!
Casting: Sandblast (safe; 8% risk of failure)
Confirm with . or Enter, or press ? or * to list all spells.
Aiming: Sandblast (safe; 8% risk of failure)
Press: ? - help, Shift-Dir - straight line, f - ogre
Aim: an ogre, wielding a +0 giant club (91% to hit)
The blast of sand hits the ogre.
The ogre is lightly wounded.
The ogre barely misses you.
You hit the ogre but do no damage.
The ogre is poisoned.
The ogre is lightly wounded.
The ogre hits you with a +0 giant club!!
Ouch! That really hurt!
The ogre hits you with a +0 giant club!!
Ouch! That really hurt!
You die...

....)....##.#.#
.........##.#.#
..........#.#.#
#...#.......#.#
.........#..#.#
#####.......#.#####
#....#....†<..#
######..##.....O..#
................@.#
..####..##........#
..# #..##........#
[.......#######.....
..###... #####.# ..#
.# ... . ...# .#
...#


You could see an ogre (very poisoned).

Vanquished Creatures
  Sigmund (D:2)
  An adder (D:3)
  A worm (D:2)
  An orc (D:3)
  10 ball pythons
  3 endoplasms
  2 giant cockroaches
  11 goblins
  6 hobgoblins
  3 jackals (D:2)
  5 kobolds
  2 quokkas
  4 bats
  5 frilled lizards (D:1)
  4 rats
59 creatures vanquished.

Notes
Turn   | Place    | Note
-------+----------+-------------------------------------------
     0 | D:1      | Coaxmetal the Gargoyle Earth Elementalist began the quest
                  | for the Orb.
     0 | D:1      | Reached XP level 1. HP: 10/10 MP: 3/3
   126 | D:1      | Reached skill level 1 in Fighting
   144 | D:1      | Reached XP level 2. HP: 8/17 MP: 1/5
   579 | D:1      | Found Inku's Armour Shop.
   667 | D:1      | Reached XP level 3. HP: 22/22 MP: 3/6
   779 | D:1      | Found a faded altar of an unknown god.
   891 | D:1      | Learned a level 3 spell: Mephitic Cloud
  1299 | D:2      | Noticed Sigmund
  1448 | D:2      | Identified the +11 whip of the Puffin {venom, Stlth+}
  1578 | D:2      | Killed Sigmund
  1579 | D:2      | Reached skill level 1 in Air Magic
  1579 | D:2      | Reached XP level 4. HP: 28/28 MP: 7/7
  1579 | D:2      | Reached XP level 5. HP: 32/32 MP: 8/8
  2222 | D:3      | Found an ancient bone altar of Kikubaaqudgha.
  2385 | D:3      | Noticed Barneous's ghost (weakling OpVM)
  2390 | D:3      | Found a runed translucent gate.
  2390 | D:3      | Found a runed translucent gate.
  2390 | D:3      | Found a runed translucent gate.
  2889 | D:4      | Reached XP level 6. HP: 37/37 MP: 7/9
  3029 | D:4      | Noticed Eustachio
  3067 | D:4      | Mangled by an ogre

Illustrated notes

Levels and vault maps discovered:
D:1:      roderic_chinese_lattice_arrival, layout_basic,
          ebering_ecumenical_altar_mist, serial_shops, shop_coins
D:2:      layout_basic, chequers_serial_rivers_small_3, uniq_sigmund
D:3:      layout_loops_ring, nicolae_kikubaaqudgha_miasma_corner,
          gammafunk_ghost_split
D:4:      layout_rooms, nicolae_uskayaw_en_pointe, corexii_checkpoint_b,
          uniq_eustachio

Skill      XL: |  1  2  3  4  5 |
---------------+----------------+-----
Fighting       | 1 2 3 |  3.0
Conjurations   | 2 |  2.7
Air Magic      | 1 2 |  2.0
Poison Magic   | 2 |  2.5
Dodging        | |  1.5
Stealth        | |  2.1
Shields        | |  0.1
Spellcasting   | |  2.0
Transmutations | |  0.7
Earth Magic    | |  3.6

Action                   |  1- 3 |  4- 6 || total
-------------------------+-------+-------++-------
Melee: Rapier            |    28 |       ||    28
       Whip              |     5 |    23 ||    28
Throw: Boomerang         |    35 |     7 ||    42
 Cast: Sandblast         |    30 |     6 ||    36
Evoke: Wand              |     2 |       ||     2
 Stab: Sleeping          |     1 |     6 ||     7
Armor: Robe              |     6 |       ||     6
       Leather armour    |     9 |     8 ||    17
Dodge: Dodged            |    18 |    17 ||    35
Block: Buckler           |       |     2 ||     2
